 Dungeon Crawl Stone Soup version 0.31.0-9-g3a7656b989 (webtiles) character file.

Game seed: 623907461190070475

72 qw the Shooter (level 4, -1/22 HPs)
             Began as a Spriggan Hunter on Feb 3, 2024.
             Slain by a scorpion (4 damage)
             ... on level 3 of the Dungeon.
             The game lasted 00:00:05 (1114 turns).

qw the Shooter (Spriggan Hunter)                    Turns: 1114, Time: 00:00:05

Health: -1/22      AC:  2    Str:  7    XL:     4   Next: 6%
Magic:  5/5        EV: 19    Int: 10    God:
Gold:   113        SH:  0    Dex: 20    Spells: 3/3 levels left

rFire   . . .        a - +1 shortbow
rCold   . . .        (shield currently unavailable)
rNeg    . . .        c - +0 robe
rPois   .            (helmet restricted)
rElec   .            (no cloak)
rCorr   .            (gloves unavailable)
SInv    +            (boots unavailable)
Will    .....        (no amulet)
Stlth   ++           (no ring)
HPRegen 0.23/turn    (no ring)
MPRegen 0.09/turn

%: no passive effects
@: very quick
A: very small, no large weapons, unfitting armour, see invisible, speed 3
a: no special abilities


You were on level 3 of the Dungeon.
You visited 1 branch of the dungeon, and saw 3 of its levels.

You collected 113 gold pieces.


Innate Abilities, Weirdness & Mutations

You are very small and have problems with some larger weapons.
You are too small for most types of armour.
You have supernaturally acute eyesight. (SInv)
You cover ground extremely quickly. (Speed+++)


   Skills:
 - Level 1.5 Fighting
 - Level 5.0 Ranged Weapons
 + Level 4.3 Dodging
 - Level 1.5 Stealth


You had 3 spell levels left.
You didn't know any spells.
Your spell library was empty.

Inventory:

Hand Weapons
 a - a +1 shortbow (weapon)
Armour
 c - a +0 robe (worn)
Potions
 f - a potion of attraction {unknown}
 g - a potion of might {unknown}
 h - a potion of curing
 j - a potion of heal wounds {unknown}

Dungeon Overview and Level Annotations

Branches:
Dungeon (3/15)

Altars:


Message History

There is a stone staircase leading up here.
There are monsters nearby!
Waypoint 2 assigned to D:3.
You shoot an arrow. The arrow hits the adder!
The adder hisses angrily.
The adder is severely wounded.
You shoot an arrow. The arrow hits the adder!
You kill the adder!
You have reached level 4!
You shoot an arrow.
The arrow hits the scorpion but does no damage.
You shoot an arrow. The arrow barely misses the scorpion.
The scorpion closely misses you.
You shoot an arrow. The arrow hits the scorpion.
The scorpion is lightly wounded.
The scorpion stings you. The scorpion closely misses you.
You shoot an arrow.
The arrow hits the scorpion but does no damage.
The scorpion is lightly wounded.
The scorpion closely misses you.
You shoot an arrow. The arrow hits the scorpion.
The scorpion is lightly wounded.
The scorpion misses you.
You shoot an arrow. The arrow hits the scorpion.
The scorpion is moderately wounded.
The scorpion stings you. x2
You shoot an arrow.
The arrow hits the scorpion but does no damage.
The scorpion is moderately wounded.
The scorpion misses you.
You shoot an arrow. The arrow hits the scorpion.
The scorpion is heavily wounded.
The scorpion stings you.
You shoot an arrow. The arrow hits the scorpion.
The scorpion is heavily wounded.
The scorpion misses you. The scorpion stings you.
You shoot an arrow.
The arrow hits the scorpion but does no damage.
The scorpion is heavily wounded.
The scorpion stings you.
You die...

. .. .## ...
.... ....
.##..#####%....
..!............
#@s....#
#......###.#
#..##### #. #


You could see a scorpion.

Vanquished Creatures
  3 adders
  A dart slug (D:2)
  6 endoplasms
  A giant cockroach (D:2)
  5 goblins
  4 hobgoblins
  3 kobolds
  4 quokkas
  A ball python (D:1)
  5 bats
  3 frilled lizards
  4 rats
40 creatures vanquished.

Notes
Turn   | Place    | Note
-------+----------+-------------------------------------------
     0 | D:1      | qw the Spriggan Hunter began the quest for the Orb.
     0 | D:1      | Reached XP level 1. HP: 10/10 MP: 2/2
     0 | D:1      | 0 ||| qw: Version: 0.3-a-155-g5e7d8dd
     0 | D:1      | 0 ||| qw: Game counter: 3036
     0 | D:1      | 0 ||| qw: Melee chars always use a shield: true
     0 | D:1      | 0 ||| qw: God list: Okawaru
     0 | D:1      | 0 ||| qw: Allow faded altars: false
     0 | D:1      | 0 ||| qw: Do Orc after clearing Dungeon:15 true
     0 | D:1      | 0 ||| qw: Do second Lair branch before Depths: true
     0 | D:1      | 0 ||| qw: Lair rune preference: random
     0 | D:1      | 0 ||| qw: Goals: Normal
     0 | D:1      | 0 ||| PLANNING D:1-11
    42 | D:1      | Reached skill level 3 in Dodging
   136 | D:1      | Reached XP level 2. HP: 14/14 MP: 3/3
   214 | D:1      | Found a faded altar of an unknown god.
   635 | D:1      | 635 ||| READING scroll labelled ZINYGH VAINAE.
   636 | D:1      | 636 ||| READING scroll labelled UQIHICVU TISIWN.
   637 | D:1      | 637 ||| READING scroll labelled ZOESTI LAELEENK.
   638 | D:1      | 638 ||| DROPPING scroll of butterflies.
   746 | D:2      | Reached XP level 3. HP: 16/18 MP: 4/4
   924 | D:2      | Reached skill level 5 in Ranged Weapons
  1085 | D:2      | 1085 ||| DROPPING ring of flight.
  1086 | D:2      | 1086 ||| READING scroll labelled GOXTAM ORPH.
  1087 | D:2      | 1087 ||| READING scroll labelled ABUAPP LEOCZEN.
  1087 | D:2      | 1087 ||| IDENTIFYING grey potion
  1088 | D:2      | 1088 ||| READING scroll labelled EFANEU UBBAVE.
  1088 | D:2      | 1088 ||| ENCHANTING +0 shortbow.
  1089 | D:2      | 1089 ||| DRINKING 2 ruby potions.
  1090 | D:2      | 1090 ||| DROPPING potion of brilliance.
  1102 | D:3      | Noticed a scorpion
  1105 | D:3      | Reached XP level 4. HP: 22/22 MP: 5/5
  1113 | D:3      | HP: 3/22 [scorpion (5)]
  1114 | D:3      | Slain by a scorpion

Levels and vault maps discovered:
D:1:      amcnicky_arrival_feature_with_door, layout_loops_cross,
          shapermc_ecumenical_altar_acropolis
D:2:      layout_rooms
D:3:      layout_basic, kennysheep_crisscross, solitary_fountain,
          minmay_stone_trees_large, serial_bayou_pond_e, kennysheep_cross_room

Skill      XL: |  1  2  3 |
---------------+----------+-----
Dodging        | 3 4 |  4.3
Ranged Weapons | 5 |  5.0
Fighting       | |  1.5
Stealth        | |  1.5

Action                     |  1- 3 |  4- 6 || total
---------------------------+-------+-------++-------
   Fire: Shortbow          |    82 |    10 ||    92
    Use: Scroll            |     6 |       ||     6
         Potion            |     1 |       ||     1
 Armour: Robe              |     5 |     6 ||    11
  Dodge: Dodged            |    16 |     6 ||    22

Table legend:
 A = Non-vault XP
 B = Vault XP
 C = Vault XP percentage of total XP
 D = Non-vault monster count
 E = Vault monster count
 F = Vault count percentage of total count
                 A         B        C        D         E       F
            +---------+---------+-------+---------+---------+-------
      Total |     103 |       0 |   0.0 |      40 |       0 |   0.0
            +---------+---------+-------+---------+---------+-------
        D:1 |      32 |       0 |   0.0 |      20 |       0 |   0.0
        D:2 |      57 |       0 |   0.0 |      19 |       0 |   0.0
        D:3 |      14 |       0 |   0.0 |       1 |       0 |   0.0
            +---------+---------+-------+---------+---------+-------
